 Dungeon Crawl Stone Soup version 0.19.5 (webtiles) character file.

55865 galech the Bludgeoner (level 14, -4/159 HPs)
             Began as an Ogre Fighter on Mar 2, 2017.
             Was the Champion of Makhleb.
             Slain by a death yak (14 damage)
             ... on level 6 of the Lair of Beasts on Mar 3, 2017.
             The game lasted 01:09:45 (23887 turns).

galech the Bludgeoner (Ogre Fighter)               Turns: 23887, Time: 01:09:45

Health: -4/159     AC:  6    Str: 30    XL:     14   Next: 79%
Magic:  15/15      EV: 14    Int:  7    God:    Makhleb [******]
Gold:   845        SH: 12    Dex:  9    Spells: 0 memorised, 13 levels left

rFire  + + .     SeeInvis +     g - +9 morningstar (curse)
rCold  . . .     Gourm    .     C - +2 robe {rC+}
rNeg   . . .     Faith    .     c - +0 shield
rPois  .         Spirit   .     (helmet restricted)
rElec  .         Reflect  .     s - +1 cloak
rCorr  .         Harm     .     (gloves unavailable)
MR     ++...                    (boots unavailable)
Stlth  +++.......               G - amulet of rage
                                x - ring of fire
                                w - ring of see invisible (curse)

@: studying Short Blades
A: unfitting armour, claws 1, blink, deformed body, fire resistance 1, magic
resistance 1, strong 1, tough skin 1
a: Blink, Minor Destruction, Lesser Servant of Makhleb, Major Destruction,
Greater Servant of Makhleb, Renounce Religion, Evoke Berserk Rage


You were on level 6 of the Lair of Beasts.
You worshipped Makhleb.
Makhleb was exalted by your worship.
You were hungry.

You visited 3 branches of the dungeon, and saw 19 of its levels.
You also visited: Labyrinth and Ossuary.

You collected 1738 gold pieces.
You spent 893 gold pieces at shops.

Inventory:

Hand Weapons
 g - a cursed +9 morningstar (weapon)
 B - a +9 flail of draining
 F - a +0 giant spiked club
 Y - a +3 morningstar
Armour
 c - a +0 shield (worn)
 s - a +1 cloak (worn)
 C - a +2 robe of cold resistance (worn)
Jewellery
 d - an uncursed ring of magical power
 m - an uncursed ring of ice
 w - a cursed ring of see invisible (left claw)
 x - a ring of fire (right claw)
 y - an uncursed ring of flight
 G - an amulet of rage (around neck)
 H - a +5 ring of protection {unknown}
 L - an uncursed ring of wizardry
 Q - an uncursed ring of stealth
Wands
 a - a wand of disintegration (9/24)
 b - a wand of digging (12/24)
 t - a wand of iceblast (13/15)
 Z - a wand of enslavement (12/24)
Scrolls
 e - 7 scrolls of teleportation
 h - 4 scrolls of enchant armour
 k - a scroll of magic mapping
 p - 9 scrolls of remove curse
 u - 3 scrolls of fog
 I - a scroll of fear
 N - 3 scrolls of recharging
 R - a scroll of silence
Potions
 i - 8 potions of curing
 l - 2 potions of cancellation
 n - 2 potions of berserk rage
 o - a potion of magic
 q - 4 potions of agility
 r - 6 potions of lignification
 A - 4 potions of resistance
 D - a potion of invisibility
 J - 3 potions of cure mutation
 K - 5 potions of brilliance
 M - 4 potions of flight {unknown}
 O - a potion of might
 T - 3 potions of haste
 W - 2 potions of ambrosia
Books
 P - a book of Alchemy

   Spells                             Type                      Level
   a - Sublimation of Blood           Necromancy                   2
   b - Ignite Poison                  Fire/Transmutation/Poison    3
   c - Petrify                        Transmutation/Earth          4
   d - Alistair's Intoxication        Transmutation/Poison         5
   e - Irradiate                      Conjuration/Transmutation    5
 S - a manual of Short Blades
Comestibles
 f - 7 bread rations
 j - 4 beef jerkies
 v - 3 royal jellies
 z - 7 meat rations
 U - 44 fruits


   Skills:
 + Level 15.5 Fighting
 + Level 17.0 Maces & Flails
 + Level 10.4 Dodging
 + Level 7.0 Stealth
 + Level 11.0 Shields
 + Level 1.7 Evocations


You had 13 spell levels left.
You didn't know any spells.

Dungeon Overview and Level Annotations

Branches:
Dungeon (12/15)            Temple (1/1) D:6            Lair (6/6) D:10
 Shoals (0/4) Lair:3       Spider (0/4) Lair:3        Slime (0/5) Lair:6
    Orc (0/2) D:12

Altars:
Ashenzari
Cheibriados
Elyvilon
Fedhas
Gozag
Hepliaklqana
Kikubaaqudgha
Makhleb
Nemelex Xobeh
Okawaru
Ru
Sif Muna
Trog
Uskayaw
Xom
Yredelemnul
Zin
The Shining One
Beogh
Jiyva

Shops:
D:9 *   D:10 *****   D:11 *?*??

Portals:
Hell: Lair:6
Trove: D:11 (give wand of hasting (9))


Innate Abilities, Weirdness & Mutations

You are too large for most types of armour.
You have tough skin. (AC +1)
You have sharp fingernails.
You can translocate small distances at will.
Armour fits poorly on your strangely shaped body.
Your flesh is heat resistant. (rF+)
You are resistant to hostile enchantments. (MR+)
Your muscles are strong. (Str +2)


Message History

The death yak is moderately wounded.
The death yak gores you but does no damage.
You block the death yak's attack.
You thump the death yak!
The death yak is heavily wounded.
You sock the death yak!
The death yak is heavily wounded.
The death yak barely misses you. The death yak gores you!!
* * * LOW HITPOINT WARNING * * *
You hit the death yak.
The death yak is severely wounded.
The death yak gores you!
* * * LOW HITPOINT WARNING * * *
The death yak closely misses you.
You hit the death yak.
The death yak is severely wounded.
You hit the death yak.
The death yak is severely wounded.
The death yak gores you!
You die...

.Y.#.# .#.# .FS.##
..........#.### ...##
#.....#......P# ####### # ..S.##
#...........#####..#..### .....#
#............##......P#. ....##
#.................#....
....#######.P...............}....
...#.##P##.......÷...............
...Y............@................
..............(.YY...............
...........÷.....................
.................................
........................<........
.................................
...............†...............P.
................................P
P#...................#...........


You could see 2 death yaks.

Vanquished Creatures
  A dire elephant (Lair:2)
  A minotaur (Lab)
  Harold (D:11)
  A rakshasa (D:12)
  3 hydras
  A catoblepas (Lair:5)
  Urug (D:11)
  2 death yaks (Lair:6)
  The ghost of StylePro the Covert, a journeyman SpAs of Dithmenos (Lair:2)
  Nergalle (D:11)
  A sixfirhy (Lair:6)
  A sun demon (Lair:6)
  A wizard (Lair:6)
  3 hill giants
  2 ugly things
  A deep elf mage (D:12)
  16 elephants
  A torpor snail (Lair:6)
  3 black mambas
  A smoke demon (Lair:6)
  4 orange demons (Lair:6)
  A centaur zombie (D:11)
  6 spiny frogs
  A gargoyle (D:11)
  2 centaur skeletons (D:11)
  2 rime drakes (Lair:6)
  6 komodo dragons
  3 red devils (Lair:6)
  7 jumping spiders
  A troll (D:10)
  3 hornets
  A snapping turtle (Lair:3)
  17 blink frogs
  13 hippogriffs
  Sigmund (D:4)
  2 spriggans
  37 yaks
  3 wraiths
  2 wyverns
  2 redbacks
  Grum (D:8)
  8 basilisks (Lab)
  A mottled dragon (D:12)
  2 hell hounds
  15 water moccasins
  An ice beast (D:9)
  10 porcupines
  7 orc warriors
  A sky beast (D:5)
  2 black bears
  An eye of draining (D:9)
  3 phantoms
  23 wolves
  5 centaurs
  7 ogres
  16 crocodiles
  2 big kobolds
  11 bullfrogs
  A gnoll sergeant (D:7)
  An earth elemental (Lab)
  A wyvern skeleton (D:11)
  The ghost of tof the Skirmisher, a weakling MiMo (D:3)
  5 scorpions
  20 killer bees
  A spriggan skeleton (Lab)
  11 wights
  5 howler monkeys
  2 quasits
  5 crimson imps
  A bullfrog zombie (D:9)
  10 hounds
  3 jellies
  7 orc wizards
  7 orc priests
  Crazy Yiuf (D:2)
  A bullfrog skeleton (D:4)
  7 iguanas
  Jessica (D:2)
  10 worker ants
  A hound zombie (D:5)
  A hound skeleton (D:5)
  A mummy (Ossuary)
  A howler monkey zombie (D:6)
  Robin (D:2)
  A gnoll (D:7)
  15 adders
  3 shadow imps
  2 oozes (D:5)
  An adder zombie (D:5)
  4 adder skeletons
  2 worms (D:2)
  A dart slug (D:1)
  5 leopard geckos
  47 orcs
  2 ball pythons (D:1)
  4 giant cockroaches
  10 hobgoblins
  9 jackals
  4 quokkas
  6 bats
  3 frilled lizards
  7 gnoll skeletons (Ossuary)
  13 goblins
  A jackal skeleton (D:5)
  11 kobolds
  8 kobold skeletons (Ossuary)
  A leopard gecko skeleton (D:6)
  A leopard gecko zombie (D:7)
  10 orc skeletons (Ossuary)
  A quokka skeleton (D:6)
  11 rats
  A fungus (Lair:2)
563 creatures vanquished.

Vanquished Creatures (others)
  The ghost of TryAgain the Conjurer, an amateur DECj (D:4)
  4 ogres (D:7)
  A killer bee (D:7)
  A leopard gecko (D:7)
  2 fulminant prisms (D:4)
  12 fungi
  7 plants
28 creatures vanquished.

Grand Total: 591 creatures vanquished

Notes
Turn   | Place    | Note
-------+----------+-------------------------------------------
     0 | D:1      | galech the Ogre Fighter began the quest for the Orb.
     0 | D:1      | Reached XP level 1. HP: 24/24 MP: 1/1
   207 | D:1      | Reached XP level 2. HP: 17/33 MP: 2/2
   300 | D:1      | Reached skill level 3 in Maces & Flails
   364 | D:1      | Reached XP level 3. HP: 10/40 MP: 3/3
  1244 | D:2      | Noticed Robin
  1269 | D:2      | Reached XP level 4. HP: 16/49 MP: 4/4
  1282 | D:3      | HP: 2/49 [goblin/club[Robin] (2)]
  1587 | D:2      | Reached skill level 4 in Maces & Flails
  1599 | D:2      | Killed Robin
  1717 | D:2      | Noticed Jessica
  1725 | D:2      | Killed Jessica
  1825 | D:2      | Reached XP level 5. HP: 55/55 MP: 5/5
  1838 | D:2      | Reached skill level 5 in Fighting
  1942 | D:2      | Found a runed door.
  2102 | D:2      | Noticed Crazy Yiuf
  2106 | D:2      | Killed Crazy Yiuf
  2300 | D:3      | Noticed tof's ghost (weakling MiMo)
  2316 | D:3      | Killed tof's ghost
  2316 | D:3      | Reached skill level 5 in Maces & Flails
  2433 | D:3      | Found an iron altar of Okawaru.
  2701 | D:4      | Noticed a phantom
  2897 | D:3      | Reached XP level 6. HP: 49/66 MP: 6/6
  3009 | D:3      | Killed a phantom
  3310 | D:4      | Noticed TryAgain's ghost (amateur DECj)
  3317 | D:4      | Killed TryAgain's ghost
  3642 | D:4      | Reached skill level 6 in Maces & Flails
  3657 | D:4      | Reached XP level 7. HP: 72/72 MP: 7/7
  4160 | D:4      | Reached skill level 7 in Maces & Flails
  4172 | D:4      | Reached skill level 1 in Stealth
  4221 | D:4      | Noticed Sigmund
  4229 | D:4      | Killed Sigmund
  4451 | D:5      | Entered Level 5 of the Dungeon
  4607 | D:5      | Reached skill level 8 in Maces & Flails
  4607 | D:5      | Reached XP level 8. HP: 83/83 MP: 8/8
  4676 | D:5      | Gained mutation: You have large cloven feet. [mutagenic meat]
  4677 | D:5      | Gained mutation: You are resistant to hostile enchantments. (MR+) [mutagenic meat]
  5220 | D:5      | Reached skill level 9 in Maces & Flails
  5414 | D:5      | Found a glowing silver altar of Zin.
  5654 | D:6      | Found a sand-covered staircase.
  5686 | Ossuary  | Entered an ossuary
  5686 | Ossuary  | Noticed a wraith
  5686 | Ossuary  | Noticed a wraith
  5686 | Ossuary  | Noticed a wraith
  5752 | Ossuary  | Noticed a wraith
  5773 | Ossuary  | Killed a wraith
  5773 | Ossuary  | Reached skill level 5 in Shields
  6187 | D:6      | Found a staircase to the Ecumenical Temple.
  6210 | D:6      | Reached XP level 9. HP: 85/93 MP: 9/9
  6223 | D:6      | Reached skill level 10 in Maces & Flails
  6233 | Temple   | Entered the Ecumenical Temple
  6294 | Temple   | Became a worshipper of Makhleb the Destroyer
  6424 | D:6      | Found an ancient bone altar of Kikubaaqudgha.
  6429 | D:6      | Found a snail-covered altar of Cheibriados.
  6758 | D:7      | Found a hide-covered altar of Uskayaw.
  6857 | D:7      | Reached * piety under Makhleb
  6869 | D:7      | Reached skill level 5 in Dodging
  6920 | D:7      | Reached skill level 11 in Maces & Flails
  7255 | D:7      | Noticed a hornet
  7264 | D:7      | Paralysed by a hornet for 1 turns
  7266 | D:7      | Killed a hornet
  7279 | D:7      | Found a shimmering altar of Xom.
  7489 | D:7      | Found a glowing golden altar of the Shining One.
  7959 | D:9      | Reached XP level 10. HP: 63/106 MP: 10/10
  8844 | D:8      | Noticed Grum
  8851 | D:8      | Killed Grum
  8851 | D:8      | Reached skill level 12 in Maces & Flails
  9133 | D:8      | Reached ** piety under Makhleb
  9810 | D:9      | Found a sparkling altar of Nemelex Xobeh.
  9813 | D:9      | Found Fumokya's General Store.
 10100 | D:9      | Found a bloodstained altar of Trog.
 10139 | D:9      | Noticed a hill giant
 10147 | D:9      | Killed a hill giant
 10147 | D:9      | Reached skill level 10 in Fighting
 10485 | D:10     | Entered Level 10 of the Dungeon
 10488 | D:10     | Reached *** piety under Makhleb
 10506 | D:10     | Found Ohaig's Assorted Antiques.
 10510 | D:10     | Bought 2 scrolls of enchant weapon for 510 gold pieces
 10568 | D:10     | Found a staircase to the Lair.
 10569 | D:10     | Noticed an elephant
 10605 | D:10     | Killed an elephant
 10605 | D:10     | Reached XP level 11. HP: 94/117 MP: 11/11
 10669 | D:10     | Found Uhiphist's Assorted Antiques.
 10674 | D:10     | Reached skill level 13 in Maces & Flails
 10946 | D:10     | Found Peate's Assorted Antiques.
 11052 | D:10     | Found Guxzum's General Store.
 11120 | D:10     | Found Puept's Assorted Antiques.
 11627 | D:11     | Found Micyxtih's General Store.
 11745 | D:11     | Found Doqejok's Magic Scroll Emporium.
 11764 | D:11     | Noticed Urug
 11773 | D:11     | Noticed Harold
 12278 | D:11     | Killed Urug
 12402 | D:11     | Found a portal to a secret trove of treasure.
 12454 | D:11     | Found Faoneur's Magic Scroll Emporium.
 12490 | D:11     | Killed Harold
 12611 | D:11     | Found Ypuon's General Store.
 12696 | D:11     | Found Exezicext's Magic Scroll Shoppe.
 12752 | D:11     | Noticed Nergalle
 12761 | D:11     | Killed Nergalle
 12761 | D:11     | Reached skill level 14 in Maces & Flails
 12839 | D:11     | Reached **** piety under Makhleb
 12850 | D:11     | Noticed a four-headed hydra
 12852 | D:11     | Noticed a hill giant
 12977 | Lair:1   | Entered Level 1 of the Lair of Beasts
 13030 | Lair:1   | Reached XP level 12. HP: 83/130 MP: 12/12
 14206 | Lair:2   | Noticed StylePro's ghost (journeyman SpAs)
 14226 | Lair:1   | Reached skill level 5 in Stealth
 15000 | Lair:2   | Killed StylePro's ghost
 15748 | Lair:2   | Noticed a dire elephant
 15895 | Lair:1   | Reached skill level 15 in Maces & Flails
 15996 | Lair:2   | Killed a dire elephant
 16141 | Lair:2   | Reached skill level 1 in Evocations
 16141 | Lair:2   | Reached XP level 13. HP: 118/141 MP: 13/13
 16565 | Lair:3   | Found a labyrinth entrance.
 16574 | Lab      | Entered a labyrinth
 17329 | Lab      | Noticed a minotaur
 17334 | Lab      | Killed a minotaur
 17856 | Lair:3   | Found a staircase to the Shoals.
 17869 | Lair:3   | Reached ***** piety under Makhleb
 18069 | Lair:3   | Found a hole to the Spider Nest.
 18085 | Lair:3   | Reached skill level 10 in Shields
 18750 | D:12     | Noticed a rakshasa
 18799 | D:12     | Killed a rakshasa
 18985 | D:12     | Gained mutation: You have sharp fingernails. [potion of mutation]
 18985 | D:12     | Gained mutation: You can translocate small distances at will. [potion of mutation]
 18985 | D:12     | Gained mutation: Your flesh is heat resistant. (rF+) [potion of mutation]
 18986 | D:12     | Gained mutation: Armour fits poorly on your strangely shaped body. [potion of mutation]
 18986 | D:12     | Lost mutation: You have large cloven feet. [potion of mutation]
 18986 | D:12     | Gained mutation: Your muscles are strong. (Str +2) [potion of mutation]
 19116 | D:12     | Reached skill level 16 in Maces & Flails
 19206 | D:12     | Found a staircase to the Orcish Mines.
 19210 | D:12     | Found a roughly hewn altar of Beogh.
 19588 | D:11     | Bought a scroll of identify for 32 gold pieces
 19588 | D:11     | Bought a scroll of enchant weapon for 120 gold pieces
 19588 | D:11     | Bought a scroll of identify for 32 gold pieces
 19588 | D:11     | Bought a scroll of identify for 32 gold pieces
 19588 | D:11     | Bought a scroll of identify for 32 gold pieces
 19628 | D:11     | Bought a scroll of enchant weapon for 135 gold pieces
 19864 | Lair:4   | Reached XP level 14. HP: 135/157 MP: 15/15
 20626 | Lair:5   | Reached ****** piety under Makhleb
 21747 | Lair:6   | Entered Level 6 of the Lair of Beasts
 21838 | Lair:6   | Reached skill level 10 in Dodging
 21999 | Lair:6   | Found a staircase to the Slime Pits.
 22000 | Lair:6   | Found a viscous altar of Jiyva.
 22249 | Lair:6   | Reached skill level 15 in Fighting
 22484 | Lair:6   | Found a burning altar of Makhleb.
 22990 | Lair:6   | Found a gateway to Hell.
 23875 | Lair:6   | Reached skill level 17 in Maces & Flails
 23887 | Lair:6   | Slain by a death yak

Skill      XL: |  1  2  3  4  5  6  7  8  9 10 11 12 13 14 |
---------------+-------------------------------------------+-----
Dodging        | 3 4 5 6 7 8 9 10 | 10.4
Maces & Flails | 3 4 5 6 8 9 11 12 14 15 16 17 | 17.0
Shields        | 3 4 5 6 7 8 9 10 11 | 11.0
Fighting       | 5 6 7 8 10 11 12 14 15 | 15.5
Stealth        | 1 2 3 4 5 6 7 |  7.0
Evocations     | 1 |  1.7

Action                   |  1- 3 |  4- 6 |  7- 9 | 10-12 | 13-15 || total
-------------------------+-------+-------+-------+-------+-------++-------
Melee: Flail             |   133 |   169 |   318 |   592 |   316 ||  1528
       Kick              |       |       |    53 |   158 |    67 ||   278
       Morningstar       |       |       |       |       |   427 ||   427
 Abil: Evoke Berserk Rag |       |       |       |     2 |     2 ||     4
  Use: Potion            |       |     2 |       |       |     6 ||     8
       Scroll            |       |       |    15 |    14 |    19 ||    48
 Stab: Sleeping          |       |       |     2 |    17 |    15 ||    34
       Distracted        |       |       |       |       |     1 ||     1
       Petrified         |       |       |       |       |     1 ||     1
  Eat: Chunk             |     1 |     8 |    16 |    24 |    17 ||    66
       Bread ration      |       |       |       |     1 |     2 ||     3
Armor: Robe              |    84 |    25 |    62 |    78 |    80 ||   329
Dodge: Dodged            |    84 |    54 |   126 |   206 |   244 ||   714
Block: Shield            |    82 |    78 |   146 |   291 |   306 ||   903
